[Event "Campeonato de España Universitario Relámpago"]
[Site "Zaragoza, Spain"]
[Date "2024.04.24"]
[Round "9.5"]
[White "Galiana Fernandez, Adrian"]
[Black "Bringas Gomez, Artai"]
[Result "1-0"]
[TimeControl "3 min + 2 sg"]
[WhiteFideId "32010150"]
[BlackFideId "24534064"]
[WhiteElo "2274"]
[BlackElo "2179"]

1. d4 Nf6 2. c4 e6 3. Nf3 d5 4.
e3 Nbd7 5. Nc3 c6 6. Qc2 Bd6 7.
b3 O-O 8. Be2 b6 9. O-O Bb7 10. Bb2 Qe7 11.
Rad1 Rac8 12. e4 dxe4 13. Nxe4 Nxe4 14. Qxe4 Nf6 15. Qh4 c5 16. Rfe1 h6 17. d5 exd5 18. cxd5 Qd8 19. Bc4 a6 20.
a4 Nd7 21. Qg4 Nf6 22. Qh4 Nd7 23.
Qg4 Nf6 24. Qf5 Qd7 25. Qd3 Nh5 26. Bxa6 Nf4 27. Qf1 Bxa6 28. Qxa6 Nxg2 29. Kxg2 Qg4+ 30. Kf1 Qxf3 31. Qd3 Qh5 32. Kg2 Qg4+ 33. Kf1 Rce8 34. h3 Qh5 35. Rxe8 Rxe8 36. Re1 Rxe1+ 37. Kxe1 Qg5 38. Kf1 Qf4 39. Bc3 h5 40. Kg2 g5 41. Qf3 Qxf3+ 42. Kxf3 Kh7 43. Ke4 Kg6 44.
Be5 Be7 45. d6 Bd8 46. Kd5 Kf5 47. Bc3 g4 48. hxg4 Kxg4 49. d7 h4 50. Be5 f5 51. Bh2 Kf3 52. Kc6 Kg2 53. Bc7 Be7 54. d8=Q Bxd8 55. Bxd8 h3 56. Bc7 Kxf2 57. Kxb6 Kf3 58. a5 f4 59. a6 h2 60. a7 Kg2 61. a8=Q+ Kg1 62. Bxf4 h1=Q 63. Qxh1+ Kxh1 64. Kxc5 Kg2 65. b4 Kf3 66. b5 Ke4 67. b6 Kf5 68. b7 Ke6 69. b8=Q Kf5 70. Qe5 Kg4 71.
Qe4 Kh5 72. Qf5 Kh4 73. Qg5+ Kh3 74. Qg3# 1-0